 Dungeon Crawl Stone Soup version 0.29.1-13-g9f3cf754e1 (webtiles) character file.

Game seed: 3557649724893965598

7 Chiseanne the Cutter (level 1, -1/14 HPs)
             Began as a Demonspawn Wanderer on Jan 30, 2023.
             Succumbed to a kobold's poison
             ... on level 1 of the Dungeon.
             The game lasted 00:00:27 (442 turns).

Chiseanne the Cutter (Demonspawn Wanderer)           Turns: 442, Time: 00:00:27

Health: -1/14      AC:  2    Str: 10    XL:     1   Next: 83%
Magic:  2/2        EV: 11    Int: 13    God:
Gold:   35         SH:  4    Dex: 14    Spells: 1/2 levels left

rFire   . . .      SeeInvis .   a - +2 short sword
rCold   . . .      Faith    .   b - +0 buckler
rNeg    . . .      Spirit   .   d - +0 robe
rPois   .          Reflect  .   (no helmet)
rElec   .          Harm     .   (no cloak)
rCorr   .          Rampage  .   (no gloves)
Will    .....                   (no boots)
Stlth   +.........              (no amulet)
HPRegen 0.04/turn               (no ring)
MPRegen 0.08/turn               (no ring)

@: lethally poisoned (-1 -> -13)
A: no striking features
a: no special abilities


You were on level 1 of the Dungeon.
You visited 1 branch of the dungeon, and saw 1 of its levels.

You collected 35 gold pieces.

Inventory:

Hand Weapons
 a - a +2 short sword (weapon)
Missiles
 f - 7 stones
Armour
 b - a +0 buckler (worn)
 d - a +0 robe (worn)


   Skills:
 * Level 0.5 Fighting
 - Level 2.6 Short Blades
 * Level 1.2 Armour
 * Level 1.2 Dodging
 * Level 1.9 Shields
 - Level 1.0 Spellcasting
 - Level 1.0 Earth Magic
 - Level 1.0 Evocations


You had one spell level left.
You knew the following spells:

 Your Spells              Type           Power      Damage    Failure   Level
a - Sandblast             Erth           6%         2d5       24%         1

Your spell library contained the following spells:

 Spells                   Type           Power      Damage    Failure   Level
 Stone Arrow              Conj/Erth      2%         3d7       65%         3


Dungeon Overview and Level Annotations

Branches:
Dungeon (1/15)

Altars:


Message History

You hit the dart slug.
The dart slug is almost dead.
The dart slug bites you but does no damage.
You hit the dart slug.
You kill the dart slug!
You swing at nothing.
Unknown command.
Your transformation is almost over.
You feel less wooden.
Your +0 robe unmelds from your body.
You start waiting.
Done waiting.
f - 7 stones (gained 1)
Things that are here:
a +0 dagger; a kobold skeleton; a quokka skeleton A kobold comes into view.
It is wielding a +2 short sword of venom.
The kobold shouts!
You see here 7 gold pieces.
You now have 35 gold pieces (gained 7).
The kobold throws a stone.
The stone hits you.
The kobold throws a stone.
The stone closely misses you.
A quokka comes into view.
You hit the kobold but do no damage. The kobold hits you but does no damage.
You are poisoned.
You hit the kobold.
The kobold is severely wounded.
You feel sick.
The kobold hits you with a +2 short sword of venom.
You are lethally poisoned!
You closely miss the kobold.
The kobold is severely wounded.
You feel very sick. The kobold closely misses you.
The quokka twitches its whiskers.
You hit the kobold.
You kill the kobold!
* * * LOW HITPOINT WARNING * * *
You feel very sick.
It was a potion of magic.
Magic courses through your body.
You die...

#............. ###
#....⌠....##.. ...
#.........#### ..#
##.......##... #.#
###...###...#
###.####.#######.###
...........)....# #
#r##...#..##.#.#
#.#@.........#.#.#
#.#..#...#...#.#.#
#......###...#.#.#
###..........#...#
#.........#...###
###..####.###.# #..#
#.# .# ...# #.. #
....# ##


You could see a quokka.

Vanquished Creatures
  A dart slug (D:1)
  2 kobolds (D:1)
  A quokka (D:1)
4 creatures vanquished.

Notes
Turn   | Place    | Note
-------+----------+-------------------------------------------
     0 | D:1      | Chiseanne the Demonspawn Wanderer began the quest for the
                  | Orb.
     0 | D:1      | Chiseanne set off with the following items: a +2 short
                  | sword, a +0 buckler, a potion of lignification, a +0 robe;
                  | and the following spell memorised: Sandblast; and the
                  | following spells available to memorise: Stone Arrow.
     0 | D:1      | Reached XP level 1. HP: 13/13 MP: 2/2
   442 | D:1      | Succumbed to a kobold's poison

Illustrated notes

Levels and vault maps discovered:
D:1:      dpeg_arrival_three_same_balls, layout_basic, serial_shops,
          nicolae_shop_trees, shop, shop, nicolae_shop_statue_plus, shop

Action                   || total
-------------------------++-------
Melee: Short sword       ||    18
  Use: Potion            ||     2
Armor: Skin              ||     4
       Robe              ||     2
Dodge: Dodged            ||     6
Block: Buckler           ||     4
